 Dungeon Crawl Stone Soup version 0.30-b1-2-g02819fbbbe (webtiles) character file.

Game seed: 12042765536434870297

1674 Flugkiller the Trooper (level 9, -18/57 HPs)
             Began as a Gargoyle Fighter on May 13, 2023.
             Was a Follower of the Shining One.
             Demolished by an ogre
             ... wielding a +0 giant club
              (24 damage)
             ... on level 6 of the Dungeon.
             The game lasted 00:06:18 (5543 turns).

Flugkiller the Trooper (Gargoyle Fighter)           Turns: 5543, Time: 00:06:18

Health: -18/57     AC: 17    Str: 24    XL:     9   Next: 1%
Magic:  12/12      EV:  8    Int:  9    God:    the Shining One [*.....]
Gold:   272        SH:  5    Dex:  9    Spells: 8/8 levels left

rFire   . . .        a - +1 war axe
rCold   . . .        c - +0 buckler
rNeg    + . .        s - +1 chain mail
rPois   ∞            (no helmet)
rElec   +            (no cloak)
rCorr   .            (no gloves)
SInv    .            (no boots)
Will    .....        (no amulet) Stlth
                     (no ring)
HPRegen 0.29/turn    (no ring)
MPRegen 0.13/turn

%: no passive effects
@: silenced, glowing, studying Throwing
A: sickness immunity, AC +6, negative energy resistance 1, electricity
resistance, torment resistance 1, petrification resistance, wild magic 1
a: Renounce Religion


You were on level 6 of the Dungeon.
You worshipped the Shining One.
The Shining One was aware of your devotion.
You visited 1 branch of the dungeon, and saw 6 of its levels.

You collected 272 gold pieces.

Inventory:

Hand Weapons
 a - a +1 war axe (weapon)
Missiles
 d - 3 boomerangs (quivered)
Armour
 b - a +0 scale mail
 c - a +0 buckler (worn)
 l - a +0 plate armour
   (You took it off an orc warrior on level 5 of the Dungeon)
 s - a +1 chain mail (worn)
   (You found it on level 3 of the Dungeon)
Scrolls
 g - a scroll of immolation
 i - a scroll of enchant armour
 j - a scroll of magic mapping
 o - 2 scrolls of vulnerability
 u - a scroll of fog {unknown}
Potions
 f - a potion of brilliance
 h - 2 potions of attraction
 q - 3 potions of curing


   Skills:
 * Level 7.1 Fighting
 * Level 5.4 Axes
 + Level 5.5 Armour
 + Level 5.5 Shields
 * Level 5.2 Invocations


You had 8 spell levels left.
You didn't know any spells.
Your spell library contained the following spells:

 Spells                   Type           Power      Damage    Failure   Level
 Magic Dart               Conj           0%         1d3       96%         1
 Shock                    Conj/Air       0%         1d3       96%         1
 Call Imp                 Summ           0%         N/A       99%         2
 Lesser Beckoning         Tloc           0%         N/A       99%         2
 Gell's Gravitas          Tloc           0%         N/A       100%        3
 Inner Flame              Hex/Fire       0%         N/A       100%        3
 Mephitic Cloud           Conj/Pois/Air  0%         N/A       100%        3
 Swiftness                Air            0%         N/A       100%        3
 Teleport Other           Tloc           0%         N/A       100%        3
 Airstrike                Air            0%         2d(0-16)  100%        4
 Flame Wave               Conj/Fire      0%         2d4       100%        4
 Sticky Flame             Conj/Fire      0%         2d3       100%        4


Dungeon Overview and Level Annotations

Branches:
Dungeon (6/15) Zot: 26542  Temple (0/1) D:5

Altars:
Dithmenos
Fedhas
Gozag
Makhleb
Trog
Vehumet
Wu Jian
The Shining One

Shops:
D:1 (   D:2 ?   D:4 [

Annotations:
D:5 exclusion: statue


Innate Abilities, Weirdness & Mutations

You are immune to sickness and miasma.
Your stone body is resilient. (AC +6)
You are immune to poison.
You resist negative energy. (rN+)
You are resistant to electric shocks. (rElec)
You are resistant to unholy torment.
You are immune to petrification.
Your spells are a little harder to cast, but a little more powerful.


Message History

You block the vampire mosquito's attack.
The vampire mosquito bites you but does no damage. x2
The vampire mosquito attacks as you move away!
You block the vampire mosquito's attack.
The vampire mosquito closely misses you.
The vampire mosquito bites you but does no damage.
You closely miss the vampire mosquito.
The vampire mosquito is severely damaged.
The vampire mosquito bites you but does no damage.
The vampire mosquito barely misses you.
You closely miss the vampire mosquito.
The vampire mosquito is severely damaged.
The vampire mosquito closely misses you.
The vampire mosquito barely misses you.
You barely miss the vampire mosquito.
The vampire mosquito is severely damaged.
The vampire mosquito completely misses you.
The vampire mosquito bites you! x2
You barely miss the vampire mosquito.
The vampire mosquito is severely damaged.
The vampire mosquito bites you.
The vampire mosquito bites you but does no damage.
You are too injured to fight recklessly!
You slash the vampire mosquito!
You destroy the vampire mosquito!
The Shining One accepts your kill. The scorpion barely misses you.
You hit the scorpion.
The scorpion is almost dead.
You block the scorpion's attack.
You hit the scorpion.
You kill the scorpion!
The vampire mosquito bites you.
Your Invocations skill increases to level 5!
You aren't carrying any items that you can evoke.
Unknown command.
It was a potion of heal wounds.
You feel much better. The vampire mosquito barely misses you.
The vampire mosquito closely misses you.
As you read the scroll labelled LYLOLOT FEMOU, it crumbles to dust.
A profound silence engulfs you.
It was a scroll of silence.
The vampire mosquito bites you.
The vampire mosquito closely misses you.
Magic scrolls do not work when you're silenced!
Unknown command.
You aren't carrying any items that you can evoke.
Okay, then.
You hit the vampire mosquito.
The vampire mosquito is lightly damaged.
The vampire mosquito completely misses you.
The vampire mosquito bites you but does no damage.
You slash the vampire mosquito!
The vampire mosquito is moderately damaged.
The vampire mosquito barely misses you.
The vampire mosquito bites you but does no damage.
The vampire mosquito barely misses you.
You barely miss the vampire mosquito.
The vampire mosquito is moderately damaged.
The vampire mosquito bites you but does no damage. x2
You barely miss the vampire mosquito.
The vampire mosquito is moderately damaged.
The vampire mosquito bites you but does no damage. x3
You slash the vampire mosquito!
The vampire mosquito is almost destroyed.
The vampire mosquito bites you but does no damage.
You block the vampire mosquito's attack.
You hit the vampire mosquito.
You destroy the vampire mosquito!
The Shining One accepts your kill.
Your Fighting skill increases to level 7!
You have reached level 9!
Your experience leads to an increase in your attributes!
Increase (S)trength, (I)ntelligence, or (D)exterity?
You feel stronger. x2
You hit the ogre.
The ogre is lightly wounded.
The ogre hits you with a +0 giant club!
You hit the ogre.
The ogre is lightly wounded.
The ogre hits you with a +0 giant club.
You slash the ogre!
The ogre is heavily wounded.
The ogre hits you but does no damage.
You hit the ogre but do no damage.
The ogre is heavily wounded.
The ogre hits you with a +0 giant club!!
You hit the ogre but do no damage.
The ogre is heavily wounded.
The ogre hits you with a +0 giant club!
* * * LOW HITPOINT WARNING * * *
You barely miss the ogre.
The ogre is heavily wounded.
You slash the ogre!
The ogre is severely wounded.
The ogre hits you with a +0 giant club! The Shining One protects you from harm!
You hit the ogre.
The ogre is almost dead.
The ogre hits you with a +0 giant club!!
You die...

#.###..#.# #.# #.# #.#
#..#.# ###.### #.# #.#
#..#.# #.....# #.# #.#
#..#.######.#.#####.###
###
#..#..................#
#.....................#
#...............###.###
###########.#.........
.......@Oy...........#
##########.########.##
...........# .#
.......O...# .#
...........# .#
...........#
...........#
...........#
...........#


You could see a vampire mosquito and an ogre.

Vanquished Creatures
  2 vampire mosquitoes (D:6)
  An orc warrior (D:5)
  A black bear (D:5)
  2 ogres
  A centaur (D:5)
  A phantom (D:6)
  3 scorpions
  4 hounds
  2 jellies
  4 orc priests
  A sleepcap (D:5)
  Terence (D:2)
  3 iguanas
  3 orc wizards
  3 gnolls (D:4)
  7 adders
  3 white imps (D:5)
  2 worms
  5 dart slugs
  22 orcs
  8 endoplasms
  6 hobgoblins
  7 jackals
  3 quokkas
  3 ball pythons
  2 bats
  6 frilled lizards
  10 goblins
  2 kobolds
  6 rats
124 creatures vanquished.

Notes
Turn   | Place    | Note
-------+----------+-------------------------------------------
     0 | D:1      | Flugkiller the Gargoyle Fighter began the quest for the
                  | Orb.
     0 | D:1      | Reached XP level 1. HP: 14/14 MP: 1/1
    66 | D:1      | Reached XP level 2. HP: 16/19 MP: 2/2
    69 | D:1      | Found Judea's Weapon Shoppe.
   589 | D:2      | Reached XP level 3. HP: 19/24 MP: 3/3
   620 | D:2      | Noticed Terence
   638 | D:2      | Killed Terence
   639 | D:2      | Reached skill level 4 in Fighting
   639 | D:2      | Reached XP level 4. HP: 10/29 MP: 4/4
   950 | D:2      | Found Hatokips's Magic Scroll Boutique.
  1695 | D:3      | Found a glowing golden altar of the Shining One.
  1961 | D:3      | Became a worshipper of the Shining One
  1995 | D:4      | Reached XP level 5. HP: 28/34 MP: 5/5
  2074 | D:4      | Found Joall's Antique Armour Shoppe.
  2206 | D:4      | Reached skill level 1 in Invocations
  2402 | D:4      | Found a burning altar of Makhleb.
  2413 | D:4      | Reached XP level 6. HP: 35/40 MP: 5/7
  2723 | D:4      | Reached skill level 5 in Fighting
  3092 | D:3      | Reached XP level 7. HP: 30/44 MP: 8/8
  3156 | D:4      | HP: 2/44 [ogre/+0 giant club (16)]
  3452 | D:4      | Found a shadowy altar of Dithmenos.
  3496 | D:4      | Found an opulent altar of Gozag.
  3661 | D:5      | Entered Level 5 of the Dungeon
  3767 | D:5      | Found a bloodstained altar of Trog.
  3779 | D:5      | Found an ornate altar of the Wu Jian Council.
  3823 | D:5      | HP: 2/45 [centaur/arrow (9)]
  3853 | D:5      | Gained mutation: Your spells are a little harder to cast,
                  | but a little more powerful. [potion of mutation]
  3961 | D:5      | Reached skill level 6 in Fighting
  4047 | D:5      | Reached * piety under the Shining One
  4049 | D:5      | Reached XP level 8. HP: 42/51 MP: 10/10
  4470 | D:5      | Reached skill level 5 in Armour
  4470 | D:5      | Reached skill level 5 in Shields
  4573 | D:5      | Found a radiant altar of Vehumet.
  4651 | D:5      | Found a staircase to the Ecumenical Temple.
  4847 | D:5      | Found a blossoming altar of Fedhas.
  5127 | D:6      | Reached skill level 5 in Axes
  5528 | D:6      | Reached skill level 5 in Invocations
  5536 | D:6      | Reached skill level 7 in Fighting
  5536 | D:6      | Reached XP level 9. HP: 54/57 MP: 12/12
  5542 | D:6      | The Shining One protects you from harm!
  5543 | D:6      | Demolished by an ogre

Illustrated notes

Levels and vault maps discovered:
D:1:      ebering_trefoil_3fold, layout_basic, serial_shops, shop,
          chequers_serial_rivers_room_b
D:2:      layout_rooms, serial_shops, nicolae_shop_hallway_plus,
          grunt_decor_clamped, uniq_terence
D:3:      layout_loops_ring, tso_altar
D:4:      layout_loops_corners, makhleb_blood_cavern_becter,
          nicolae_dithmenos_through_a_glass_darkly,
          mainiacjoe_overflow_six_doors_small, serial_shops,
          nicolae_shop_hallway_plus
D:5:      layout_basic, fedhas_altar_fruit_tree, vehumet_statue,
          mainiacjoe_overflow_catwalk_spiral, minmay_temple_entry_crystal_x,
          minmay_manual_mail
D:6:      layout_basic, minmay_manual_mullet, uniq_maggie

Skill      XL: |  1  2  3  4  5  6  7  8 |
---------------+-------------------------+-----
Axes           | 2 3 4 5 |  5.4
Fighting       | 4 5 6 7 |  7.1
Armour         | 4 5 |  5.5
Shields        | 4 5 |  5.5
Invocations    | 1 2 3 5 |  5.2

Action                     |  1- 3 |  4- 6 |  7- 9 || total
---------------------------+-------+-------+-------++-------
  Melee: War axe           |    66 |   194 |   190 ||   450
    Use: Scroll            |       |     5 |     7 ||    12
         Potion            |       |     1 |     7 ||     8
 Armour: Scale mail        |    46 |    36 |       ||    82
         Chain mail        |       |    82 |   129 ||   211
  Dodge: Dodged            |    39 |   113 |    96 ||   248
  Block: Buckler           |     9 |    40 |    35 ||    84
